 Seeded DCSS version 0.30.1-9-gdf580d7c3d (webtiles) character file.

Game seed: 6351066067085065685 (custom seed)

955 Esekla the Thaumaturge (level 7, -1/36 HPs)
             Began as a Deep Elf Wanderer on Sept 26, 2023.
             Was a Believer of Vehumet.
             Killed from afar by a white imp (12 damage)
             ... with a puff of frost
             ... on level 7 of the Dungeon.
             The game lasted 00:30:40 (4072 turns).

Esekla the Thaumaturge (Deep Elf Wanderer)          Turns: 4072, Time: 00:30:40

Health: -1/36      AC:  4    Str: 11    XL:     7   Next: 91%
Magic:  21/21      EV: 12    Int: 20    God:    Vehumet [**....]
Gold:   265        SH:  4    Dex: 14    Spells: 13/23 levels left

rFire   . . .        s - +5 rapier of the Hero {heavy, rN+ Dex+3}
rCold   . . .        d - +0 buckler
rNeg    + . .        c - +0 robe
rPois   .            m - +0 helmet
rElec   .            (no cloak)
rCorr   .            l - +0 pair of gloves
SInv    .            (no boots)
Will    .....        A - amulet of magic regeneration
Stlth   ++           (no ring)
HPRegen 0.26/turn    (no ring)
MPRegen 0.57/turn

%: no passive effects
@: hasted, very quick
A: no striking features
a: Renounce Religion


You were on level 7 of the Dungeon.
You worshipped Vehumet.
Vehumet was pleased with you.
You visited 1 branch of the dungeon, and saw 7 of its levels.

You collected 265 gold pieces.

Inventory:

Hand Weapons
 a - a +2 vampiric dagger
 r - a +0 spear
 s - the +5 rapier of the Hero (weapon) {heavy, rN+ Dex+3}
   (You found it on level 3 of the Dungeon)

   Dex:       It affects your dexterity (+3).
   rN:        It protects you from negative energy.
Missiles
 v - 8 poisoned darts (quivered)
 x - a throwing net
Armour
 c - a +0 robe (worn)
 d - a +0 buckler (worn)
 l - a +0 pair of gloves (worn)
 m - a +0 helmet (worn)
 E - a +1 helmet
Jewellery
 A - an amulet of magic regeneration (around neck)
Wands
 i - a wand of roots (6)
Scrolls
 g - 4 scrolls of identify {unknown}
 o - a scroll of enchant armour {unknown}
 p - a scroll of amnesia {unknown}
 q - a scroll of immolation {unknown}
 u - 2 scrolls of fog {unknown}
 w - a scroll of blinking {unknown}
 y - a scroll of silence {unknown}
 z - a scroll of magic mapping {unknown}
 B - a scroll of enchant weapon {unknown}
 D - a scroll of torment {unknown}
Potions
 b - 2 potions of lignification
 e - a potion of ambrosia {unknown}
 f - 2 potions of attraction {unknown}
 h - a potion of heal wounds {unknown}
 k - 5 potions of curing
 n - a potion of mutation {unknown}
 t - 3 potions of brilliance {unknown}


   Skills:
 + Level 1.5 Short Blades
 + Level 1.3 Throwing
 * Level 3.6 Dodging
 + Level 2.4 Stealth
 + Level 1.6 Shields
 * Level 8.8 Spellcasting
 + Level 2.1 Conjurations
 * Level 4.8 Necromancy
 + Level 3.1 Translocations
 + Level 1.0 Invocations


You had 13 spell levels left.
You knew the following spells:

 Your Spells              Type           Power      Damage    Failure   Level
a - Magic Dart            Conj           68%        1d6       4%          1
b - Blink                 Tloc           42%        N/A       4%          2
d - Vampiric Draining     Necr           28%        2d8       4%          3
p - Apportation           Tloc           42%        N/A       3%          1
t - Teleport Other        Tloc           21%        N/A       10%         3

Your spell library contained the following spells:

 Spells                   Type           Power      Damage    Failure   Level
 Momentum Strike          Conj/Tloc      38%        3d9       6%          2
 Lesser Beckoning         Tloc           42%        N/A       4%          2
 Gell's Gravitas          Tloc           21%        N/A       10%         3
 Ignite Poison            Fire/Tmut/Pois 8%         N/A       34%         3
 Spider Form              Tmut/Pois      8%         N/A       34%         3
 Cause Fear               Hex            4%         N/A       75%         4
 Summon Mana Viper        Hex/Summ       8%         N/A       97%         5


Dungeon Overview and Level Annotations

Branches:
Dungeon (8/15)
 Temple: D:4-7         Lair: D:8-11

Altars:
Dithmenos
Hepliaklqana
Okawaru
Qazlal
Trog
Uskayaw
Vehumet
Zin

Shops:
D:2 =


Message History

Confirm with . or Enter, or press ? or * to list all spells.
You blink.
Okay, then.
You feel yourself speed up. The two-headed ogre barely misses you.
The two-headed ogre hits you with a +0 giant club!
The orc hits you with a +0 flail!
Found an escape hatch in the ceiling.
Found a stone staircase leading up.
You feel stable enough to blink again.
The orc shouts!
A gnoll comes into view. It is wielding a +0 halberd.
A gnoll comes into view. It is wielding a +0 whip.
The gnoll moves out of view.
Casting: Blink (safe; 4% risk of failure)
Confirm with . or Enter, or press ? or * to list all spells.
Aiming: Vampiric Draining (dangerous; 4% risk of failure)
Press: ? - help, Shift-Dir - straight line, f - orc
Aim: an orc, wielding a +0 hand axe You draw life force from the orc!
You kill the orc!
Vehumet accepts your kill.
You feel your power returning.
You feel life coursing into your body.
The gnoll shouts!
You hear a shout!
The gnoll shouts!
A gnoll comes into view. It is wielding a +0 flail.
There is a stone staircase leading up here.
The gnoll shouts!
You climb upwards.
Found 6 stones.
There is a stone staircase leading down here.
A white imp comes into view.
Found 14 gold pieces.
The white imp hits you but does no damage.
You hit the white imp but do no damage. The white imp hits you.
The white imp freezes you.
You hit the white imp.
The white imp is lightly wounded.
The white imp gestures at you. The puff of frost hits you!
You die...

# #. ###
#.$### #..
#.5@####.# ##
###...##.# .
###.##.#.#####
#.##.#......
#....(......
####>.......
####..... ....
..


You could see a white imp.

Vanquished Creatures
  A steam dragon (D:7)
  A black bear (D:2)
  A gnoll sergeant (D:7)
  2 quasits
  A gnoll bouda (D:3)
  3 hounds
  4 orc priests
  2 iguanas
  3 orc wizards
  11 gnolls
  5 adders
  A shadow imp (D:8)
  An ufetubus (D:8)
  3 dart slugs
  14 orcs
  4 endoplasms
  8 goblins
  4 hobgoblins
  A quokka (D:1)
  6 ball pythons
  4 bats
  4 frilled lizards
  6 kobolds
  A rat (D:2)
91 creatures vanquished.

Vanquished Creatures (others)
  An orc (D:8)
1 creature vanquished.

Grand Total: 92 creatures vanquished

Notes
Turn   | Place    | Note
-------+----------+-------------------------------------------
     0 | D:1      | Esekla the Deep Elf Wanderer began the quest for the Orb.
     0 | D:1      | Esekla set off with the following items: a +0 club, a
                  | potion of lignification, a +0 robe, a +0 buckler; and the
                  | following spells available to memorise: Apportation, Blink,
                  | Lesser Beckoning, Magic Dart, Ignite Poison, Vampiric
                  | Draining.
     0 | D:1      | Reached XP level 1. HP: 10/10 MP: 7/7
     2 | D:1      | Learned a level 1 spell: Magic Dart
     4 | D:1      | Learned a level 1 spell: Apportation
   265 | D:2      | Found Renulab's Jewellery Shop.
   684 | D:4      | Found a radiant altar of Vehumet.
   692 | D:4      | Found an iron altar of Okawaru.
   703 | D:4      | Found a glowing silver altar of Zin.
   789 | D:4      | Became a worshipper of Vehumet
   939 | D:3      | Reached XP level 2. HP: 15/15 MP: 9/9
   942 | D:3      | Learned a level 2 spell: Blink
  1220 | D:3      | Identified the +5 rapier of the Hero {heavy, rN+ Dex+3}
  1282 | D:2      | Reached skill level 1 in Short Blades
  1354 | D:1      | Reached skill level 1 in Necromancy
  1363 | D:1      | Reached XP level 3. HP: 19/19 MP: 11/11
  1367 | D:1      | Learned a level 3 spell: Vampiric Draining
  1390 | D:1      | Reached skill level 5 in Spellcasting
  1482 | D:1      | Reached * piety under Vehumet
  1482 | D:1      | Offered knowledge of Freeze by Vehumet.
  1671 | D:1      | Learned a level 3 spell: Teleport Other
  1820 | D:2      | Noticed a black bear
  2001 | D:3      | Reached skill level 1 in Dodging
  2003 | D:3      | Reached XP level 4. HP: 24/24 MP: 8/13
  2120 | D:3      | Found a stormy altar of Qazlal.
  2128 | D:3      | Found a bloodstained altar of Trog.
  2144 | D:3      | Found a hazy altar of Hepliaklqana.
  2322 | D:2      | Reached XP level 5. HP: 28/28 MP: 8/15
  2341 | D:2      | Found a faded altar of an unknown god.
  2475 | D:2      | Killed a black bear
  2476 | D:2      | Reached skill level 6 in Spellcasting
  2476 | D:2      | Reached skill level 1 in Conjurations
  2773 | D:3      | Reached XP level 6. HP: 22/32 MP: 9/17
  2959 | D:3      | Reached ** piety under Vehumet
  3051 | D:4      | Offered knowledge of Momentum Strike by Vehumet.
  3065 | D:5      | Entered Level 5 of the Dungeon
  3068 | D:5      | Got the Parchment of the Lumpy Olives
  3090 | D:5      | Found a shadowy altar of Dithmenos.
  3190 | D:5      | Reached skill level 7 in Spellcasting
  3244 | D:5      | Reached skill level 1 in Throwing
  3306 | D:5      | You fall into a shaft and drop 3 floors!
  3501 | D:8      | Reached XP level 7. HP: 28/36 MP: 18/20
  3652 | D:7      | Reached skill level 8 in Spellcasting
  3721 | D:8      | Noticed a steam dragon
  3739 | D:7      | Killed a steam dragon
  4026 | D:8      | Found a hide-covered altar of Uskayaw.
  4026 | D:8      | Noticed a two-headed ogre
  4072 | D:7      | Killed from afar by a white imp

Illustrated notes

Levels and vault maps discovered:
D:1:      sevenhm_arrival_forest_fort_small_3, layout_rooms,
          chequers_serial_rivers_room_b, minmay_misc_feat_five
D:2:      layout_loops_ring, dreamdust_ecumenical_altar_angels_and_demons,
          serial_shops, shop
D:3:      layout_basic, grunt_temple_overflow_open, minmay_misc_feat_iff
D:4:      layout_basic, nicolae_overflow_quartered_altars, serial_shops,
          nicolae_diamond_shop
D:5:      layout_loops_ring, lemuel_doored_altar, minmay_misc_feat_rows,
          dreamdust_wishing_well
D:7:      layout_basic, uniq_menkaure, uniq_joseph, uniq_crazy_yiuf_cottage
D:8:      layout_basic, nicolae_uskayaw_dance_hall, serial_demonic,
          serial_demonic_d, serial_demonic_a, serial_demonic_c,
          serial_demonic_c, nicolae_diode_quadrants

Skill      XL: |  1  2  3  4  5  6  7 |
---------------+----------------------+-----
Short Blades   | 1 |  1.5
Necromancy     | 1 2 4 |  4.8
Spellcasting   | 5 6 7 8 |  8.8
Dodging        | 1 2 3 |  3.6
Stealth        | 2 |  2.4
Conjurations   | 1 2 |  2.1
Throwing       | 1 |  1.3
Translocations | 3 |  3.1
Shields        | |  1.6
Invocations    | |  1.0

Action                     |  1- 3 |  4- 6 |  7- 9 || total
---------------------------+-------+-------+-------++-------
  Melee: Short sword       |    47 |    47 |       ||    94
         Rapier            |    15 |    13 |    24 ||    52
  Throw: Dart              |       |    11 |     1 ||    12
   Cast: Apportation       |    36 |    19 |       ||    55
         Magic Dart        |    40 |    34 |     1 ||    75
         Vampiric Draining |     3 |    21 |    29 ||    53
         Blink             |       |       |     3 ||     3
         Teleport Other    |       |       |     1 ||     1
  Evoke: Wand              |       |     2 |     1 ||     3
    Use: Scroll            |     1 |       |     1 ||     2
         Potion            |       |       |     2 ||     2
   Stab: Sleeping          |     9 |     3 |       ||    12
 Armour: Robe              |    23 |    16 |    13 ||    52
  Dodge: Dodged            |    43 |    42 |    66 ||   151
  Block: Buckler           |     9 |     9 |    16 ||    34
